Map: Ruines de Seras

Players

Elroye

  • Race: Zerg Zerg
  • League: Diamond

Denver - Winner!

  • Race: Zerg Zerg
  • League: Grandmaster

VOD

Have the link to the VOD?

Description

Time

  • Played on: March 27, 2016, 1:31 p.m.
  • Length: 11:34
Show
View Real Time Build Order
Export as new Build Order

Elroye Zerg 

Build Orders: Pool First, Zergling Baneling 

Get SALT Encoding   

  12  0:01  Drone  
  13  0:13  Overlord  
  13  0:18  Drone  
  14  0:31  Drone x2  
  14  0:35  Drone  
  17  0:43  Extractor  
  17  0:48  Drone  
  17  0:52  Spawning Pool  
  17  0:56  Drone  
  17  1:17  Hatchery  
  16  1:26  Drone  
  17  1:38  Queen  
  19  1:42  Metabolic Boost  
  19  1:46  Zergling x2  
  20  1:50  Zergling x2  
  21  2:00  Drone  
  22  2:03  Baneling Nest  
  21  2:14  Overlord  
  21  2:17  Drone  
  22  2:28  Queen  
  24  2:30  Zergling x4  
  24  2:34  Zergling x2  
  27  2:40  Zergling x2  
  27  2:42  Zergling x2  
  29  2:47  Zergling x4  
  29  2:51  Zergling x2  
  32  2:54  Baneling x2  
  32  2:56  Baneling  
  32  2:57  Baneling  
  32  3:01  Zergling x2  
  33  3:07  Drone  
  33  3:08  Drone  
  33  3:11  Drone  
  30  3:40  Drone x2  
  30  3:41  Zergling x2, Drone  
  31  3:42  Zergling x2  
  31  3:43  Zergling x4  
  31  3:44  Drone  
  31  3:45  Drone  
  35  3:52  Baneling  
  35  3:53  Baneling x2  
  35  3:54  Overlord  
  35  3:58  Extractor  
  35  3:59  Zergling x2  
  35  4:01  Baneling  
  35  4:02  Baneling  
  35  4:16  Drone x7  
  41  4:18  Drone  
  37  4:35  Zergling x6  
  37  4:36  Zergling x2  
  37  4:37  Queen  
  37  4:39  Baneling x2  
  37  4:43  Zergling x2  
  38  4:47  Zergling x2  
  38  4:49  Spine Crawler  
  38  4:51  Zergling x4  
  40  4:55  Baneling x2  
  39  5:04  Drone x2  
  40  5:13  Drone x4  
  41  5:18  Roach Warren  
  41  5:20  Drone x2  
  43  5:30  Overlord  
  42  5:39  Overlord  
  42  5:41  Overlord  
  42  5:58  Roach x7  
  42  6:00  Baneling  
  42  6:01  Zergling x2  
  57  6:06  Spine Crawler  
  57  6:07  Zergling x2  
  57  6:14  Roach  
  56  6:25  Zergling x12, Roach x2  
  53  6:36  Drone x2  
  52  6:45  Drone x2  
  47  6:54  Drone  
  44  7:01  Roach  
  44  7:04  Ravager  
  44  7:06  Zergling x2  
  44  7:07  Queen  
  50  7:10  Zergling x2  
  50  7:13  Extractor  
  50  7:19  Zergling x4  
  52  7:27  Drone x2  
  50  7:45  Drone x4  
  50  7:48  Drone  
  54  7:55  Drone  
  54  7:59  Drone  
  54  8:01  Drone  
  56  8:06  Lair  
  56  8:08  Drone  
  56  8:11  Drone  
  58  8:14  Drone  
  58  8:16  Hatchery  
  58  8:17  Drone  
  58  8:18  Drone  
  60  8:22  Roach x2  
  60  8:26  Extractor  
  60  8:27  Extractor  
  62  8:30  Drone x2  
  62  8:31  Drone  
  65  8:40  Roach  
  65  8:41  Zergling x2  
  68  8:42  Overlord  
  68  8:45  Overlord  
  68  8:54  Overlord  
  68  9:00  Zergling x2  
  68  9:02  Zergling x2, Baneling x2, Roach  
  74  9:03  Zergling x4, Roach  
  74  9:08  Zergling x2, Roach  
  74  9:09  Roach  
  74  9:21  Roach  
  69  9:25  Zergling x2  
  69  9:26  Roach  
  70  9:31  Queen  
  70  9:32  Spire  
  70  9:45  Drone x2  
  69  9:48  Queen  
  69  9:51  Zergling x6  
  74  9:57  Hatchery  
  74  9:58  Zergling x6  
  76  10:06  Spine Crawler  
  75  10:09  Baneling  
  75  10:10  Baneling  
  75  10:11  Spine Crawler  
  75  10:13  Zergling x2, Roach  
  77  10:18  Roach  
  77  10:22  Roach  
  74  10:32  Zergling x2, Roach  
  34  10:50  Mutalisk x3  
  34  10:52  Mutalisk  
  33  11:00  Mutalisk  
Show
View Real Time Build Order
Export as new Build Order

Denver Zerg - Winner!

Build Orders: Hatch First, Zergling Baneling 

Get SALT Encoding   

  12  0:00  Drone  
  13  0:13  Overlord  
  13  0:19  Drone  
  14  0:33  Drone x2  
  16  0:36  Drone  
  17  0:54  Hatchery  
  17  0:57  Drone  
  17  1:00  Extractor  
  17  1:02  Drone  
  17  1:17  Spawning Pool  
  16  1:20  Drone  
  16  1:25  Drone  
  18  1:32  Drone  
  19  1:39  Overlord  
  19  1:50  Drone  
  20  2:03  Queen  
  20  2:04  Zergling x2  
  20  2:06  Baneling Nest  
  20  2:08  Zergling x2  
  23  2:14  Queen  
  25  2:19  Drone  
  26  2:25  Metabolic Boost  
  26  2:29  Drone  
  27  2:37  Drone x2  
  29  2:39  Drone  
  29  2:44  Drone  
  31  2:48  Drone  
  32  2:52  Overlord  
  32  2:58  Drone  
  33  3:04  Baneling x2  
  32  3:06  Zergling x2  
  32  3:07  Zergling x2, Spine Crawler  
  32  3:12  Zergling x4  
  35  3:20  Zergling x4  
  35  3:21  Zergling x2  
  36  3:28  Zergling x4  
  36  3:33  Zergling x4  
  36  3:36  Baneling  
  36  3:38  Baneling  
  36  3:40  Zergling x4  
  36  3:50  Queen  
  38  3:58  Drone x2  
  40  4:05  Drone x2  
  42  4:14  Baneling x2  
  42  4:15  Zergling x4  
  42  4:19  Roach Warren, Zergling x6  
  44  4:31  Zergling x4  
  38  4:39  Overlord x2  
  38  4:48  Baneling x2  
  38  5:00  Roach x4  
  38  5:01  Roach  
  46  5:13  Roach x4  
  50  5:19  Roach x2  
  54  5:24  Zergling x4  
  56  5:31  Zergling x4  
  56  5:36  Overlord  
  56  5:41  Zergling x2  
  57  5:49  Zergling x4  
  59  5:50  Overlord  
  59  5:54  Overlord  
  59  5:57  Baneling x4  
  59  6:01  Zergling x2  
  59  6:02  Zergling x2  
  59  6:03  Zergling x2  
  60  6:21  Zergling x14  
  60  6:22  Zergling x2  
  63  6:32  Zergling x2  
  61  6:38  Drone  
  61  6:39  Drone x3  
  56  6:44  Zergling x6  
  45  6:57  Lair  
  45  6:59  Drone x2  
  45  7:00  Drone  
  47  7:02  Extractor  
  47  7:05  Drone x2  
  47  7:07  Drone  
  49  7:13  Baneling x2  
  50  7:15  Drone x2  
  51  7:24  Drone x2  
  51  7:25  Drone x2  
  53  7:37  Roach x3  
  56  7:46  Extractor  
  56  7:47  Roach  
  56  7:48  Roach  
  56  7:53  Roach  
  56  7:54  Hatchery, Roach  
  56  7:55  Zergling x2  
  56  7:56  Zergling x2  
  56  7:57  Zergling x2  
  61  8:04  Roach x2  
  64  8:09  Roach  
  64  8:10  Zergling x4  
  68  8:14  Baneling x2  
  68  8:17  Roach  
  70  8:22  Roach  
  70  8:26  Drone  
  70  8:27  Drone x2  
  75  8:28  Extractor  
  75  8:33  Overlord  
  74  8:35  Glial Reconstitution  
  74  8:37  Drone x2  
  74  8:41  Overlord  
  76  8:48  Evolution Chamber  
  75  8:52  Overlord  
  75  8:55  Drone x2  
  75  8:56  Drone x2  
  75  9:19  Roach x7  
  84  9:24  Ravager  
  84  9:25  Ravager  
  84  9:30  Roach x4  
  86  9:33  Overlord  
  84  9:44  Roach x4  
  90  9:50  Roach x2  
  90  9:52  Ravager x3  
  95  9:56  Roach  
  95  9:58  Ravager  
  95  9:59  Ravager  
  99  10:02  Roach x2  
  99  10:07  Zergling x6  
  106  10:11  Overlord  
  106  10:17  Roach x2  
  106  10:18  Roach  
  108  10:28  Roach  
  108  10:29  Roach x3  
  108  10:31  Overlord  
  108  10:36  Roach x2  
  106  10:43  Roach  
  106  10:44  Roach x2  
  100  10:57  Roach x3  
  100  10:58  Roach x3  
  107  11:06  Ravager x3  
  107  11:10  Roach x3  
Tags
 
Add a new tag
Caveats
  • Supply blocks, unpowered buildings, or Contaminate may cause inaccurate times.
  • Supply counts are checked every 10 seconds.